 Dungeon Crawl Stone Soup version 0.31-a0-844-gdc52ec4e09 (webtiles) character file.

Game seed: 13037542465497623921

252 CrazyBamboolord the Grave Robber (level 6, -1/30 HPs)
             Began as a Vine Stalker Necromancer on Sept 30, 2023.
             Slain by a gnoll
             ... wielding a +2 heavy spear
              (15 damage)
             ... on level 3 of the Dungeon.
             The game lasted 00:04:13 (2155 turns).

CrazyBamboolord the Grave Robber (VSNe)             Turns: 2155, Time: 00:04:13

Health: -1/30      AC:  3    Str: 10    XL:     6   Next: 14%
Magic:  0/12       EV: 12    Int: 17    God:
Gold:   105        SH:  0    Dex: 15    Spells: 11/12 levels left

rFire   . . .        g - +1 dagger (venom)
rCold   . . .        (no shield)
rNeg    . . .        c - +1 robe {Will+}
rPois   .            (no helmet)
rElec   .            (no cloak)
rCorr   .            (no gloves)
SInv    .            (no boots)
Will    +....        k - amulet of the acrobat
Stlth   +++          (no ring)
HPRegen 1.05/turn    (no ring)
MPRegen 0.13/turn

%: acrobat, guardian spirit
@: no status effects
A: fangs 2, regeneration 1, magic shield, antimagic bite, no potion heal 2
a: no special abilities


You were on level 3 of the Dungeon.
You visited 1 branch of the dungeon, and saw 3 of its levels.

You collected 105 gold pieces.

Inventory:

Hand Weapons
 g - a +1 dagger of venom (weapon)
Armour
 c - a +1 robe of willpower (worn)
Jewellery
 k - an amulet of the acrobat (around neck)
Scrolls
 a - a scroll of fog
 d - a scroll of torment {unknown}
 i - a scroll of blinking {unknown}
 j - a scroll of enchant weapon {unknown}
 m - 2 scrolls of teleportation
Potions
 b - a potion of magic
 e - 2 potions of curing
 f - a potion of degeneration {unknown}
 l - a potion of might {unknown}


   Skills:
 + Level 1.6 Fighting
 + Level 2.3 Dodging
 * Level 4.5 Stealth
 * Level 3.5 Spellcasting
 * Level 4.9 Necromancy


You had 11 spell levels left.
You knew the following spells:

 Your Spells              Type           Power      Damage    Failure   Level
a - Necrotise             Necr           80%        1d8       2%          1

Your spell library contained the following spells:

 Spells                   Type           Power      Damage    Failure   Level
 Vampiric Draining        Necr           20%        2d7       6%          3
 Animate Dead             Necr           20%        N/A       22%         4
 Agony                    Necr           20%        N/A       52%         5


Dungeon Overview and Level Annotations

Branches:
Dungeon (3/15)

Altars:
Ashenzari


Innate Abilities, Weirdness & Mutations

You have extremely sharp teeth.
Your natural rate of healing is unusually fast.
When hurt, damage is shared between your health and your magic reserves.
Your bite disrupts and absorbs the magic of your enemies.
Potions cannot restore your health.


Message History

You hit something.
You hear some strange, mumbled words.
A puff of flame appears from out of thin air!
The puff of flame hits you!
Your magical contamination has completely faded away.
You hit something.
Reactivating autopickup.
You feel a bit more experienced.
You hit the orc.
The orc is poisoned.
The orc is lightly wounded.
The orc hits you with a +0 dagger.
The gnoll hits you from afar with a +2 heavy spear.
You barely miss the orc. Your bite misses the orc.
The orc is lightly wounded.
The orc hits you with a +0 dagger.
You hit the orc. Your bite misses the orc.
The orc is almost dead.
The orc hits you but does no damage. The gnoll barely misses you.
You barely miss the orc. Your bite misses the orc.
The orc is almost dead.
You kill the orc!
The gnoll hits you from afar with a +2 heavy spear!
Aiming: Necrotise (safe; 2% risk of failure)
Press: ? - help, Q - select action Shift-Dir - straight line, f - orc
Aim: an orc, wielding a +0 flail (ally target, chance to affect: 89%)
The orc barely resists.
The orc barely misses you.
Unknown command.
You hit the orc.
The orc is poisoned.
Your bite misses the orc.
The orc is heavily wounded.
The gnoll completely misses you. The orc closely misses you.
You barely miss the orc. You bite the orc.
You kill the orc!
The gnoll misses you.
You closely miss the gnoll. The gnoll hits you with a +0 flail.
You hit the gnoll.
The gnoll is lightly wounded.
The gnoll hits you from afar with a +2 heavy spear!
Ouch! That really hurt!
You die...

.# #.### ....# ### ####
...... #.. ..# ###.#...
### #.## #.# #..... .
##.#####.##.##.###g#.#....
..#...##.##....Z@gg......#
.###..)..#####.####..#.###
..#.#.#..#####.# .....
...##.#........# .##....
.####.#...###### .# #.>
... ..###.# .. . #######
#.# .. #### #.# .. ## ...#
#.# #.


You could see 2 gnolls, a hobgoblin and a friendly orc skeleton.

Vanquished Creatures
  Sigmund (D:2)
  An orc wizard (D:3)
  3 adders
  4 orcs (D:3)
  An endoplasm (D:2)
  A giant cockroach (D:2)
  3 goblins
  5 hobgoblins
  4 jackals (D:1)
  2 quokkas
  3 ball pythons
  2 bats (D:1)
  2 frilled lizards (D:1)
  3 kobolds
  2 rats
37 creatures vanquished.

Vanquished Creatures (collateral kills)
  A dart slug (D:2)
1 creature vanquished.

Grand Total: 38 creatures vanquished

Notes
Turn   | Place    | Note
-------+----------+-------------------------------------------
     0 | D:1      | CrazyBamboolord the Vine Stalker Necromancer began the
                  | quest for the Orb.
     0 | D:1      | Reached XP level 1. HP: 9/9 MP: 4/4
   269 | D:1      | Reached XP level 2. HP: 12/13 MP: 0/6
   878 | D:2      | Noticed Sigmund
   944 | D:2      | Killed Sigmund
   945 | D:2      | Reached skill level 1 in Fighting
   945 | D:2      | Reached XP level 3. HP: 15/18 MP: 0/8
   945 | D:2      | Reached XP level 4. HP: 18/22 MP: 0/10
   945 | D:2      | Reached XP level 5. HP: 21/25 MP: 0/11
  1213 | D:2      | Found a broken altar of Ashenzari.
  1689 | D:2      | Found a faded altar of an unknown god.
  1974 | D:3      | Noticed a phantom
  2138 | D:3      | Reached XP level 6. HP: 30/30 MP: 3/12
  2155 | D:3      | Slain by a gnoll

Illustrated notes

Levels and vault maps discovered:
D:1:      matt_arrival_los_fun, layout_loops_cross
D:2:      cheibrodos_old_hovel, layout_basic, chequers_ecumenical_altar_grove,
          basic_altar, uniq_sigmund
D:3:      layout_loops_cross

Skill      XL: |  1  2 |
---------------+-------+-----
Fighting       | 1 |  1.6
Dodging        | 2 |  2.3
Stealth        | 4 |  4.5
Spellcasting   | 3 |  3.5
Necromancy     | |  4.9

Action                     |  1- 3 |  4- 6 || total
---------------------------+-------+-------++-------
  Melee: Unarmed           |    22 |       ||    22
         Bite              |     4 |     1 ||     5
         Dagger            |       |    12 ||    12
   Cast: Necrotise         |    31 |    55 ||    86
    Use: Scroll            |       |     3 ||     3
 Armour: Robe              |    18 |    21 ||    39
  Dodge: Dodged            |    21 |    17 ||    38

Table legend: (Time is in decaauts)
 A = Elapsed time spent in this place.
 B = Non-inter-level travel time spent in this place.
 C = Inter-level travel time spent in this place.
 D = Time resting spent in this place.
 E = Time spent auto-exploring this place.
 F = Levels seen in this place.
 G = Mean time per level.
                   A        B        C        D        E       F      G
               +--------+--------+--------+--------+--------+-----+--------+
         Total |   2154 |   2093 |     61 |    134 |   1592 |   3 |  718.0 |
       Dungeon |   2154 |   2093 |     61 |    134 |   1592 |   3 |  718.0 |
               +--------+--------+--------+--------+--------+-----+--------+

Top non-repeatable levels by time:
     D:2: 924 daAuts
     D:1: 917 daAuts
     D:3: 312 daAuts
